MID
KANE COUNTY COUGARS @ WISCONSIN TIMBER RATTLERS
09/05/2098
 
TOP OF THE 1ST
Kane County Cougars batting - Pitching for Wisconsin Timber Rattlers : RHP Jim Berns
Pitching: RHP Jim Berns
Batting: SHB Roberto Ramos 0-0: Ground out 6-3 (Groundball, 6, EV 81.9 MPH)
Batting: RHB Rob Richardson 0-0: Called Strike
0-1: SINGLE (Flyball, 3D, EV 86.9 MPH)
Batting: LHB Leo Gomez 0-0: Ball
1-0: Foul Ball, location: 3F
1-1: Foul Ball, location: 25F
1-2: Foul Ball, location: 7LSF
1-2: Ball
2-2: Ball
3-2: Foul Ball, location: 3DF
3-2: Fly out, F7 (Flyball, 7, EV 86.9 MPH)
Batting: RHB Beau Fenton 0-0: Fly out, F7 (Flyball, 7, EV 88.1 MPH)
Top of the 1st over - 0 runs, 1 hit, 0 errors, 1 left on base; Kane County 0 - Wisconsin 0
BOTTOM OF THE 1ST
Wisconsin Timber Rattlers batting - Pitching for Kane County Cougars : RHP Randy Hyder
Pitching: RHP Randy Hyder
Batting: LHB Marquise Mathurin 0-0: Ball
1-0: Ball
2-0: Ball
3-0: Called Strike
3-1: Fly out, F9 (Flyball, 9, EV 82.5 MPH)
Batting: SHB Tyshawn Conerly 0-0: Foul Ball, location: 7LSF
0-1: Ground out 4-3 (Groundball, 4M, EV 85.0 MPH)
Batting: LHB Matt Gollnick 0-0: Ball
1-0: Called Strike
1-1: Ball
2-1: Foul Ball, location: 3FF
2-2: Ball
3-2: Foul Ball, location: 2F
3-2: Base on Balls
Batting: LHB Mike Earls 0-0: Ball
1-0: Foul Ball, location: 2F
1-1: Foul Ball, location: 2F
1-2: Strikes out swinging
Bottom of the 1st over - 0 runs, 0 hits, 0 errors, 1 left on base; Kane County 0 - Wisconsin 0
TOP OF THE 2ND
Kane County Cougars batting - Pitching for Wisconsin Timber Rattlers : RHP Jim Berns
Batting: SHB Brian Warfel 0-0: SOLO HOME RUN (Flyball, 9LD, EV 90.0 MPH), Distance : 346 ft
Batting: RHB Chris Knable 0-0: Called Strike
0-1: SINGLE (Line Drive, 7S, EV 98.8 MPH)
Batting: RHB Craig Barker 0-0: Called Strike
0-1: Ball
1-1: Ball
2-1: Ball
3-1: Called Strike
3-2: Foul Ball, location: 5FF
3-2: Fly out, F4 (Popup, 34, EV 76.9 MPH)
Batting: RHB Jon Staton 0-0: Ball
1-0: Called Strike
Chris Knable steals 2nd base
1-1: Ball
2-1: Fly out, F9 (Flyball, 9LM, EV 95.6 MPH)
Runner from 2nd tags up, SAFE at 3rd with throw by RF
Batting: RHB Noah Turley 0-0: Ground out 4-3 (Groundball, 4, EV 105.6 MPH)
Top of the 2nd over - 1 run, 2 hits, 0 errors, 1 left on base; Kane County 1 - Wisconsin 0
BOTTOM OF THE 2ND
Wisconsin Timber Rattlers batting - Pitching for Kane County Cougars : RHP Randy Hyder
Batting: RHB Bobby Kozlowski 0-0: Foul Ball, location: 5FF
0-1: Called Strike
0-2: Ball
1-2: Foul Ball, location: 2F
1-2: Strikes out looking
Batting: RHB Joe Meyer 0-0: Foul Ball, location: 9LDF
0-1: Ball
1-1: Fly out, F8 (Line Drive, 8RD, EV 91.3 MPH)
Batting: RHB Paul Kuehl 0-0: Swinging Strike
0-1: Ball
1-1: Ball
2-1: Called Strike
2-2: Ball
3-2: Strikes out swinging
Bottom of the 2nd over - 0 runs, 0 hits, 0 errors, 0 left on base; Kane County 1 - Wisconsin 0
TOP OF THE 3RD
Kane County Cougars batting - Pitching for Wisconsin Timber Rattlers : RHP Jim Berns
Batting: SHB Roberto Ramos 0-0: Ground out 4-3 (Groundball, 4, EV 108.1 MPH)
Batting: RHB Rob Richardson 0-0: Called Strike
0-1: Foul Ball, location: 9LSF
0-2: Ball
1-2: Strikes out swinging
Batting: LHB Leo Gomez 0-0: Foul Ball, location: 5DF
0-1: Ball
1-1: Ball
2-1: Foul Ball, location: 2F
2-2: SINGLE (Groundball, 6D, EV 101.9 MPH)
Batting: RHB Beau Fenton 0-0: Swinging Strike
0-1: Fly out, F9 (Line Drive, 9, EV 89.4 MPH)
Top of the 3rd over - 0 runs, 1 hit, 0 errors, 1 left on base; Kane County 1 - Wisconsin 0
BOTTOM OF THE 3RD
Wisconsin Timber Rattlers batting - Pitching for Kane County Cougars : RHP Randy Hyder
Batting: RHB Greg Miles 0-0: Fly out, F9 (Flyball, 9LM, EV 110.6 MPH)
Batting: LHB Tyler Simpson 0-0: Hit by Pitch
Batting: LHB Marquise Mathurin 0-0: Called Strike
0-1: Called Strike
0-2: Strikes out swinging
Batting: SHB Tyshawn Conerly 0-0: Fly out, F8 (Flyball, 8RXD, EV 100.0 MPH)
Bottom of the 3rd over - 0 runs, 0 hits, 0 errors, 1 left on base; Kane County 1 - Wisconsin 0
TOP OF THE 4TH
Kane County Cougars batting - Pitching for Wisconsin Timber Rattlers : RHP Jim Berns
Batting: SHB Brian Warfel 0-0: Called Strike
0-1: SOLO HOME RUN (Flyball, 9D, EV 93.8 MPH), Distance : 373 ft
Batting: RHB Chris Knable 0-0: Ground out 6-3 (Groundball, 6MD, EV 96.9 MPH)
Batting: RHB Craig Barker 0-0: Ball
1-0: Ball
2-0: Called Strike
2-1: Ground out 4-3 (Groundball, 4, EV 86.3 MPH)
Batting: RHB Jon Staton 0-0: Swinging Strike
0-1: Fly out, F4 (Popup, 34, EV 66.3 MPH)
Top of the 4th over - 1 run, 1 hit, 0 errors, 0 left on base; Kane County 2 - Wisconsin 0
BOTTOM OF THE 4TH
Wisconsin Timber Rattlers batting - Pitching for Kane County Cougars : RHP Randy Hyder
Batting: LHB Matt Gollnick 0-0: Foul Ball, location: 2F
0-1: Ball
1-1: Foul Ball, location: 9LMF
1-2: Strikes out looking
Batting: LHB Mike Earls 0-0: Foul Ball, location: 2F
0-1: Foul Ball, location: 2F
0-2: Ball
1-2: Ball
2-2: Foul Ball, location: 7LDF
2-2: Strikes out swinging
Batting: RHB Bobby Kozlowski 0-0: Fly out, F9 (Flyball, 9LM, EV 90.6 MPH)
Bottom of the 4th over - 0 runs, 0 hits, 0 errors, 0 left on base; Kane County 2 - Wisconsin 0
TOP OF THE 5TH
Kane County Cougars batting - Pitching for Wisconsin Timber Rattlers : RHP Jim Berns
Batting: RHB Noah Turley 0-0: Ball
1-0: Called Strike
1-1: Ground out 6-3 (Groundball, 6, EV 88.8 MPH)
Batting: SHB Roberto Ramos 0-0: Called Strike
0-1: Ball
1-1: Foul Ball, location: 2F
1-2: Strikes out swinging
Batting: RHB Rob Richardson 0-0: Ball
1-0: Ball
2-0: DOUBLE (Line Drive, 8LXD, EV 98.1 MPH)
Batting: LHB Leo Gomez 0-0: Ball
1-0: Ball
2-0: Foul Ball, location: 2LF
2-1: Ball
3-1: SINGLE (Groundball, 3D, EV 104.4 MPH)
Rob Richardson to third
Runner from 3rd tries for Home, SAFE, throw by RF to home
Batting: RHB Beau Fenton 0-0: Called Strike
0-1: Ball
1-1: Ball
2-1: Fielders Choice at 2nd, 6-4 (Groundball, 56, EV 85.6 MPH)
Top of the 5th over - 1 run, 2 hits, 0 errors, 1 left on base; Kane County 3 - Wisconsin 0
BOTTOM OF THE 5TH
Wisconsin Timber Rattlers batting - Pitching for Kane County Cougars : RHP Randy Hyder
Batting: RHB Joe Meyer 0-0: Called Strike
0-1: Ball
1-1: Ground out 6-3 (Groundball, 56, EV 103.8 MPH)
Batting: RHB Paul Kuehl 0-0: Ball
1-0: Fly out, F8 (Flyball, 8RXD, EV 104.4 MPH)
Batting: RHB Greg Miles 0-0: Ground out 5-3 (Groundball, 5S, EV 69.4 MPH)
Bottom of the 5th over - 0 runs, 0 hits, 0 errors, 0 left on base; Kane County 3 - Wisconsin 0
TOP OF THE 6TH
Kane County Cougars batting - Pitching for Wisconsin Timber Rattlers : RHP Jim Berns
Batting: SHB Brian Warfel 0-0: Called Strike
0-1: Ground out 5-3 (Groundball, 56, EV 107.5 MPH)
Batting: RHB Chris Knable 0-0: Ball
1-0: Ball
2-0: Called Strike
2-1: Ball
3-1: Called Strike
3-2: Ground out 5-3 (Groundball, 56S, EV 88.1 MPH)
Batting: RHB Craig Barker 0-0: Fly out, F9 (Flyball, 9, EV 94.4 MPH)
Top of the 6th over - 0 runs, 0 hits, 0 errors, 0 left on base; Kane County 3 - Wisconsin 0
BOTTOM OF THE 6TH
Wisconsin Timber Rattlers batting - Pitching for Kane County Cougars : RHP Randy Hyder
Batting: LHB Tyler Simpson 0-0: Foul Ball, location: 3FF
0-1: Fly out, F9 (Line Drive, 89M, EV 92.5 MPH)
Batting: LHB Marquise Mathurin 0-0: Ground out 4-3 (Groundball, 4, EV 110.0 MPH)
Batting: SHB Tyshawn Conerly 0-0: Ball
1-0: Foul Ball, location: 9LSF
1-1: Foul Ball, location: 2F
1-2: Ball
2-2: Ball
3-2: Foul Ball, location: 23F
3-2: Foul Ball, location: 2F
3-2: Foul Ball, location: 2F
3-2: Base on Balls
Batting: LHB Matt Gollnick 0-0: Ball
1-0: Swinging Strike
1-1: Ball
2-1: Foul Ball, location: 9LSF
2-2: Foul Ball, location: 25F
2-2: Ball
3-2: Strikes out looking
Bottom of the 6th over - 0 runs, 0 hits, 0 errors, 1 left on base; Kane County 3 - Wisconsin 0
TOP OF THE 7TH
Kane County Cougars batting - Pitching for Wisconsin Timber Rattlers : RHP Jim Berns
Batting: RHB Jon Staton 0-0: Called Strike
0-1: Ball
1-1: Ball
2-1: SINGLE (Groundball, 34S, EV 73.8 MPH)
Batting: RHB Noah Turley 0-0: Foul Ball, location: 9LMF
0-1: Foul Ball, location: 25F
0-2: Foul Ball, location: 9LSF
0-2: Ball
1-2: Ball
2-2: Foul Ball, location: 2F
2-2: Fly out, F3 (Line Drive, 3, EV 73.8 MPH)
Lined into DP, U3 (Line Drive, 3, EV 73.8 MPH)
Batting: SHB Roberto Ramos 0-0: Ball
1-0: Swinging Strike
1-1: Swinging Strike
1-2: Ball
2-2: Hit by Pitch
Pitching: RHP Jim Patin
Batting: RHB Rob Richardson 0-0: Ball
1-0: Foul Ball, location: 9LSF
1-1: Swinging Strike
1-2: Strikes out swinging
Top of the 7th over - 0 runs, 1 hit, 0 errors, 1 left on base; Kane County 3 - Wisconsin 0
BOTTOM OF THE 7TH
Wisconsin Timber Rattlers batting - Pitching for Kane County Cougars : RHP Randy Hyder
Batting: LHB Mike Earls 0-0: Foul Ball, location: 3FF
0-1: Foul Ball, location: 9LMF
0-2: Strikes out swinging
Batting: RHB Bobby Kozlowski 0-0: Ball
1-0: Ball
2-0: Fly out, F8 (Line Drive, 8RM, EV 104.4 MPH)
Batting: RHB Joe Meyer 0-0: Ball
1-0: Ball
2-0: Ball
3-0: Called Strike
3-1: Foul Ball, location: 2F
3-2: Strikes out swinging
Bottom of the 7th over - 0 runs, 0 hits, 0 errors, 0 left on base; Kane County 3 - Wisconsin 0
TOP OF THE 8TH
Kane County Cougars batting - Pitching for Wisconsin Timber Rattlers : RHP Jim Patin
Batting: LHB Leo Gomez 0-0: Ball
1-0: Foul Ball, location: 2F
1-1: Foul Ball, location: 23FF
1-2: Ball
2-2: Ball
3-2: Strikes out swinging
Batting: RHB Beau Fenton 0-0: Called Strike
0-1: Ball
1-1: Fly out, F2 (Popup, 3SF, EV 71.3 MPH)
Batting: SHB Brian Warfel 0-0: Ball
1-0: Swinging Strike
1-1: Ball
2-1: Foul Ball, location: 7LMF
2-2: Strikes out swinging
Top of the 8th over - 0 runs, 0 hits, 0 errors, 0 left on base; Kane County 3 - Wisconsin 0
BOTTOM OF THE 8TH
Wisconsin Timber Rattlers batting - Pitching for Kane County Cougars : RHP Randy Hyder
Batting: RHB Paul Kuehl 0-0: Called Strike
0-1: Ball
1-1: Foul Ball, location: 2F
1-2: Foul Ball, location: 2F
1-2: Foul Ball, location: 3SF
1-2: DOUBLE (Flyball, 8RD, EV 91.3 MPH)
Pitching: RHP Jen-ta Ruan
Pinch Hitting: LHB Ben Sylvain 0-0: Swinging Strike
0-1: Swinging Strike
0-2: Foul Ball, location: 2F
0-2: Ball
Wild Pitch!
Paul Kuehl to third
1-2: Strikes out swinging
Batting: LHB Tyler Simpson 0-0: Called Strike
0-1: Swinging Strike
0-2: Strikes out swinging
Batting: LHB Marquise Mathurin 0-0: Called Strike
0-1: Ball
1-1: Ball
2-1: Swinging Strike
2-2: Foul Ball, location: 2F
2-2: Strikes out looking
Bottom of the 8th over - 0 runs, 1 hit, 0 errors, 1 left on base; Kane County 3 - Wisconsin 0
TOP OF THE 9TH
Kane County Cougars batting - Pitching for Wisconsin Timber Rattlers : RHP Jim Patin
Now at 3B: Mike Humphrey
Batting: RHB Chris Knable 0-0: Foul Ball, location: 9LDF
0-1: Called Strike
0-2: Ball
1-2: Ball
2-2: Ball
3-2: Ground out 4-3 (Groundball, 34, EV 83.8 MPH)
Batting: RHB Craig Barker 0-0: Called Strike
0-1: Ball
1-1: Swinging Strike
1-2: SINGLE (Groundball, 4D, EV 99.4 MPH)
Batting: RHB Jon Staton 0-0: Called Strike
0-1: Called Strike
0-2: Ball
1-2: Strikes out swinging
Batting: RHB Noah Turley 0-0: Fly out, F8 (Flyball, 8RM, EV 94.4 MPH)
Top of the 9th over - 0 runs, 1 hit, 0 errors, 1 left on base; Kane County 3 - Wisconsin 0
BOTTOM OF THE 9TH
Wisconsin Timber Rattlers batting - Pitching for Kane County Cougars : RHP Jen-ta Ruan
Batting: SHB Tyshawn Conerly 0-0: Called Strike
0-1: Called Strike
0-2: Strikes out swinging, 2-3 out at first.
Batting: LHB Matt Gollnick 0-0: Swinging Strike
0-1: Swinging Strike
0-2: Ball
1-2: Ball
2-2: Foul Ball, location: 2F
2-2: Ball
3-2: Strikes out swinging
Batting: LHB Mike Earls 0-0: Ball
1-0: Called Strike
1-1: Swinging Strike
1-2: Strikes out looking
Bottom of the 9th over - 0 runs, 0 hits, 0 errors, 0 left on base; Kane County 3 - Wisconsin 0
Sunday, April 14th , 2024 - OOTP Baseball 24.11 Build 85